 Dungeon Crawl Stone Soup version 0.31-a0-466-g98c9adc2b6 (webtiles) character file.

Game seed: 6909030184632977758

219 MisterAzrael the Changeling (level 5, -2/40 HPs)
             Began as a Draconian Shapeshifter on Aug 6, 2023.
             Slain by Edmund
             ... wielding a +1 flail of protection
              (6 damage)
             ... on level 4 of the Dungeon.
             The game lasted 00:04:44 (2253 turns).

MisterAzrael the Changeling (DrSh)                  Turns: 2253, Time: 00:04:44

Health: -2/40      AC:  5    Str: 17 (20) XL:     5   Next: 63%
Magic:  5/5        EV: 12    Int:  5 (8)  God:
Gold:   152        SH:  0    Dex: 10 (11) Spells: 4/4 levels left

rFire   . .          .
                       - Unarmed
rCold   . . .        (no shield)
rNeg    . . .        (body armour unavailable)
rPois   .            (helmet currently unavailable)
rElec   .            (cloak currently unavailable)
rCorr   .            (gloves currently unavailable)
SInv    +            (boots currently unavailable)
Will    .....        v - amulet of regeneration
Stlth   +            r - ring of see invisible
HPRegen 1.06/turn    (no ring)
MPRegen 0.09/turn

%: no passive effects
@: about to teleport, beast-form
A: beast (slay +3), AC +5, unfitting armour, cold-blooded
a: Begin Untransformation


You were on level 4 of the Dungeon.
You were a hulking beast.
You visited 1 branch of the dungeon, and saw 4 of its levels.

You collected 152 gold pieces.

Inventory:

Magical Staves
 d - a staff of earth
Jewellery
 r - a ring of see invisible (left hand)
 v - an amulet of regeneration (around neck)
Talismans
 b - a beast talisman (active)
 l - a granite talisman
 w - a maw talisman
Wands
 f - a wand of roots (4)
 m - a wand of charming (11)
Scrolls
 e - a scroll of identify
 h - a scroll of poison
 i - a scroll of fog
 k - 4 scrolls of teleportation
 q - a scroll of blinking


   Skills:
 - Level 1.3 Fighting
 - Level 1.9 Dodging
 + Level 4.5 Unarmed Combat
 * Level 4.7 Shapeshifting


You had 4 spell levels left.
You didn't know any spells.
Your spell library contained the following spells:

 Spells                   Type           Power      Damage    Failure   Level
 Inner Flame              Hex/Fire       0%         N/A       85%         3
 Yara's Violent Unravell  Hex/Tmut       0%         3d3       100%        5
 Enfeeble                 Hex            0%         N/A       100%        7


Dungeon Overview and Level Annotations

Branches:
Dungeon (4/15)
 Temple: D:4-7

Altars:
Yredelemnul

Annotations:
D:4 Edmund, Robin


Innate Abilities, Weirdness & Mutations

You are a hulking beast.
Your limbs bulge with bestial killing power. (Slay +3)
Your plain brown scales are hard. (AC +5)
You cannot fit into any form of body armour.
You are cold-blooded and may be slowed by cold attacks.


Message History

Edmund hits you with a +1 flail of protection.
* * * LOW HITPOINT WARNING * * *
The goblin hits you but does no damage.
The hobgoblin hits you but does no damage.
The iguana bites you but does no damage.
The goblin shoots a sling bullet.
The sling bullet hits the hobgoblin.
Flame seeps out of the hobgoblin.
It was a potion of enlightenment.
Your roots keep you in place.
Edmund hits you but does no damage. The goblin hits you but does no damage.
The hobgoblin hits you but does no damage.
The iguana bites you but does no damage.
The goblin hits you with a +0 club.
* * * LOW HITPOINT WARNING * * *
Edmund hits you but does no damage. The hobgoblin barely misses you.
The goblin hits you with a +0 club.
* * * LOW HITPOINT WARNING * * *
The goblin shoots a sling bullet.
The sling bullet barely misses the hobgoblin.
The sling bullet barely misses you. Edmund hits you but does no damage.
The goblin hits you but does no damage.
The hobgoblin hits you but does no damage.
The iguana bites you but does no damage.
The goblin hits you but does no damage.
The goblin shoots a sling bullet.
The sling bullet barely misses the hobgoblin.
The sling bullet hits you but does no damage.
It was a potion of cancellation.
Your magical effects are unravelling.
You feel magically purged.
You feel less wooden.
You turn into a hulking beast.
You flicker back into view.
Your enlightenment fades.
Edmund barely misses you. The goblin hits you but does no damage.
The hobgoblin closely misses you. The iguana barely misses you.
The goblin closely misses you.
As you read the scroll of teleportation, it crumbles to dust.
You feel strangely unstable.
Robin roars a battlecry!
The goblins go into a battle-frenzy!
Edmund hits you with a +1 flail of protection.
You die...

#...#....#....##...#.#.#......*
#...##.#.#....##...#.#.#,,,..##**
#...##.#.#....##...#.#.#,,,...,,,
.......#...........#.#.#,,,**,***
#.#.######....###..#.#.#,,,**,,**
#.............###..#.#.#,,,***,**
..............###..#.#..,,,* *,**
....#.##.....†.##@.#.###,,,***,,*
....#.........glhgg§....,,,,,,,,,
....####.......gg#§§<...,,,,,,,**
....# ####...§gg##§....,,,,,,,**
....# ##.....g#######*,**,,,**
###.# ##....§.#######*,**,,,**
*## ##.............,,**,,,**
##......######+*********
##......####...,,* * * #......#
*,,_,,* *


You could see Edmund (inner flame), an iguana (inner flame), Robin (inner
flame), a hobgoblin (inner flame, strong) and 6 goblins.

Vanquished Creatures
  2 vampire bats (D:4)
  Natasha (D:4)
  5 adders
  A worm (D:2)
  2 dart slugs
  7 orcs
  5 ball pythons
  5 endoplasms
  3 giant cockroaches
  3 goblins
  6 hobgoblins
  4 jackals (D:4)
  3 kobolds
  9 bats
  2 frilled lizards
  2 rats
60 creatures vanquished.

Notes
Turn   | Place    | Note
-------+----------+-------------------------------------------
     0 | D:1      | MisterAzrael the Draconian Shapeshifter began the quest for
                  | the Orb.
     0 | D:1      | Reached XP level 1. HP: 16/16 MP: 1/1
   215 | D:1      | Reached XP level 2. HP: 20/23 MP: 2/2
   856 | D:2      | Reached XP level 3. HP: 28/28 MP: 3/3
   982 | D:2      | Found a basalt altar of Yredelemnul.
  1400 | D:3      | Reached XP level 4. HP: 35/35 MP: 4/4
  1464 | D:3      | Found a faded altar of an unknown god.
  1744 | D:4      | Reached XP level 5. HP: 40/40 MP: 5/5
  2092 | D:4      | Noticed Natasha
  2098 | D:4      | Killed Natasha
  2209 | D:4      | Noticed Robin
  2214 | D:4      | Noticed Edmund
  2246 | D:4      | HP: 3/60 [iguana (1)]
  2253 | D:4      | Slain by Edmund

Illustrated notes

Levels and vault maps discovered:
D:1:      minmay_arrival_cross, layout_loops_ring, chequers_big_river,
          feat_on_display
D:2:      layout_loops_cross, basic_altar, minmay_statues_item,
          hangedman_decor_push, minmay_tiny_reverse_x
D:3:      layout_rooms, basic_ecumenical_altar, nicolae_elevator_lobby_asterisk
D:4:      layout_basic, mainiacjoe_overflow_small_starburst, zin_treasury,
          roderic_batcave, uniq_robin, uniq_natasha, uniq_edmund

Skill      XL: |  1  2  3  4 |
---------------+-------------+-----
Unarmed Combat | 4 |  4.5
Shapeshifting  | 4 |  4.7
Fighting       | |  1.3
Dodging        | |  1.9

Action                     |  1- 3 |  4- 6 || total
---------------------------+-------+-------++-------
  Melee: Unarmed           |    66 |    66 ||   132
         Tailslap          |     4 |     3 ||     7
         Punch             |     3 |     3 ||     6
    Use: Potion            |       |    10 ||    10
         Scroll            |       |     8 ||     8
   Stab: Sleeping          |     1 |       ||     1
 Armour: Skin              |    18 |   153 ||   171
  Dodge: Dodged            |    38 |    74 ||   112

Table legend: (Time is in decaauts)
 A = Elapsed time spent in this place.
 B = Non-inter-level travel time spent in this place.
 C = Inter-level travel time spent in this place.
 D = Time resting spent in this place.
 E = Time spent auto-exploring this place.
 F = Levels seen in this place.
 G = Mean time per level.
                   A        B        C        D        E       F      G
               +--------+--------+--------+--------+--------+-----+--------+
         Total |   2257 |   2227 |     30 |    100 |   1710 |   4 |  564.2 |
       Dungeon |   2257 |   2227 |     30 |    100 |   1710 |   4 |  564.2 |
               +--------+--------+--------+--------+--------+-----+--------+

Top non-repeatable levels by time:
     D:1: 704 daAuts
     D:2: 570 daAuts
     D:4: 513 daAuts
     D:3: 469 daAuts
